 Dungeon Crawl Stone Soup version 0.25-b1-23-ge2ad7d536c (webtiles) character file.

Game seed: 3607548589638659171, levelgen mode: deterministic

113 lepoulpe303 the Shooter (level 4, -9/23 HPs)
             Began as a Spriggan Hunter on May 30, 2020.
             Killed from afar by an orc wizard (11 damage)
             ... with a puff of flame
             ... on level 1 of the Dungeon.
             The game lasted 00:09:51 (2723 turns).

lepoulpe303 the Shooter (Spriggan Hunter)           Turns: 2723, Time: 00:09:51

Health: -9/23      AC:  2    Str:  9    XL:     4   Next: 65%
Magic:  5/5        EV: 19    Int: 12    God:
Gold:   122        SH:  0    Dex: 16    Spells: 3/3 levels left

rFire    . . .     SeeInvis +   a - +0 short sword
rCold    . . .     Gourm    .   (shield restricted)
rNeg     . . .     Faith    .   c - +0 robe
rPois    .         Spirit   .   (helmet restricted)
rElec    .         Reflect  .   (no cloak)
rCorr    .         Harm     .   (gloves unavailable)
MR       .....                  (boots unavailable)
Stlth    ++........             (no amulet)
HPRegen  0.07/turn              (no ring)
MPRegen  0.09/turn              (no ring)

@: very quick
A: very small, unfitting armour, see invisible, herbivore, speed 3, slow
metabolism 2
a: no special abilities


You were on level 1 of the Dungeon.
You were not hungry.

You visited 1 branch of the dungeon, and saw 2 of its levels.

You collected 122 gold pieces.

Inventory:

Hand Weapons
 a - a +0 short sword (weapon)
 b - a +1 shortbow
Missiles
 g - 22 poisoned darts (quivered)
Armour
 c - a +0 robe (worn)
Jewellery
 d - an uncursed ring of protection from fire {unknown}
Wands
 k - a wand of paralysis (7)
Scrolls
 i - a scroll of enchant weapon {unknown}
Potions
 f - 2 potions of heal wounds {unknown}
 h - a potion of degeneration {unknown}
 j - a potion of lignification {unknown}
 l - a potion of flight {unknown}
 m - a potion of haste {unknown}
Comestibles
 e - 6 rations


   Skills:
 * Level 2.5 Fighting
 + Level 1.5 Short Blades
 * Level 5.6 Bows
 + Level 3.8 Dodging
 + Level 2.9 Stealth


You had 3 spell levels left.
You didn't know any spells.
Your spell library was empty.

Dungeon Overview and Level Annotations

Branches:
Dungeon (2/15)

Altars:

Annotations:
D:2 Jessica


Innate Abilities, Weirdness & Mutations

You are very small and have problems with some larger weapons.
You are too small for most types of armour.
You have supernaturally acute eyesight. (SInv)
You are a herbivore.
You cover ground extremely quickly.
You need to consume almost no food.


Message History

You climb upwards.
There is a stone staircase leading down here.
You hit the orc wizard.
The orc wizard points at you and mumbles some strange words.
The magic dart hits you.
* * * LOW HITPOINT WARNING * * *
You take 5 damage, and have 8/23 hp.
MASSIVE DAMAGE!!
You hit the orc wizard.
The orc wizard gestures at you while chanting.
The magic dart hits you.
* * * LOW HITPOINT WARNING * * *
You take 6 damage, and have 2/23 hp.
MASSIVE DAMAGE!!
You closely miss the orc wizard. The orc wizard closely misses you.
The orc wizard casts a spell at you. The puff of flame misses you.
The orc wizard casts a spell at you. The puff of flame hits you!
You die...

#...###...........
#.#.# #...........
####...# #...........
#.....## #..........#
#.....########.......
#.........[..........
#.....######.......##
#.)...# ###...###
####@## #...# #.#
##.## #.# #.# #.# #.#
#####.#### #.#
#..>o....# #.#####
#........# #.#....
#........#######...###
#...................##


You could see an orc wizard.

Levels and vault maps discovered:
D:1:      wheals_arrival_linesprint, layout_rooms, serial_bayou_lake_a
D:2:      cheibrodos_pilgrimage, layout_basic, uniq_terence, uniq_jessica

Notes
Turn   | Place    | Note
-------+----------+-------------------------------------------
     0 | D:1      | lepoulpe303 the Spriggan Hunter began the quest for the
                  | Orb.
     0 | D:1      | Reached XP level 1. HP: 10/10 MP: 2/2
     0 | D:1      | Identified a +0 short sword
    40 | D:1      | Identified a +1 shortbow
   287 | D:1      | Reached skill level 5 in Bows
   287 | D:1      | Reached skill level 2 in Stealth
   287 | D:1      | Reached XP level 2. HP: 15/15 MP: 3/3
   461 | D:1      | Identified a +0 club
   745 | D:1      | Reached skill level 2 in Fighting
   758 | D:1      | Identified a +0 leather armour
   760 | D:1      | HP: 1/15 [dart slug/slug dart (3)]
   865 | D:1      | HP: 1/15 [dart slug/slug dart (5)]
  1353 | D:1      | Reached XP level 3. HP: 18/18 MP: 4/4
  1580 | D:1      | Identified a +0 club
  1989 | D:2      | Reached skill level 1 in Short Blades
  2080 | D:2      | Identified a +2 mace of protection
  2080 | D:2      | Identified a +0 ring mail
  2080 | D:2      | Noticed Terence
  2108 | D:2      | Identified a +0 falchion
  2108 | D:2      | Identified a +0 falchion
  2108 | D:2      | Identified a +0 chain mail
  2108 | D:2      | Identified a +0 dagger
  2108 | D:2      | Identified a +0 chain mail
  2109 | D:2      | Identified a +0 dagger
  2109 | D:2      | Identified a +0 robe
  2110 | D:2      | Identified a +0 whip
  2110 | D:2      | Identified a cursed +0 leather armour
  2135 | D:2      | Killed Terence
  2135 | D:2      | Reached XP level 4. HP: 18/23 MP: 5/5
  2136 | D:2      | Identified a +0 dagger
  2136 | D:2      | Identified a +0 robe
  2433 | D:2      | Identified a +0 robe
  2433 | D:2      | Noticed Jessica
  2716 | D:1      | HP: 2/23 [orc wizard/magic dart (6)]
  2723 | D:1      | Killed from afar by an orc wizard

Table legend:
 A = Turns spent in this place as a percentage of turns spent in the entire game.
 B = Non-inter-level travel turns spent in this place as a percentage of non-inter-level travel turns spent in the entire game.
 C = Inter-level travel turns spent in this place as a percentage of turns spent in this place.
 D = Turns resting spent in this place as a percentage of non-inter-level travel turns spent in this place.
 E = Turns spent auto-exploring this place as a percentage of non-inter-level travel turns spent in this place.
 F = Non-inter-level travel turns spent in this place divided by the number of levels of this place that you've seen.
                   A       B       C       D       E      F
               +-------+-------+-------+-------+-------+----------------------
         Total | 100.0 | 100.0 |   3.3 |  54.4 |  23.7 | 1317.0
       Dungeon | 100.0 | 100.0 |   3.3 |  54.4 |  23.7 | 1317.0
               +-------+-------+-------+-------+-------+----------------------

Table legend:
 A = Kills in this place as a percentage of kills in entire the game.
 B = Kills by you in this place as a percentage of kills by you in the entire game.
 C = Kills by friends in this place as a percentage of kills by friends in the entire game.
 D = Other kills in this place as a percentage of other kills in the entire game.
 E = Experience gained in this place as a percentage of experience gained in the entire game.
 F = Experience gained in this place divided by the number of levels of this place that you have seen.
                   A       B       C       D       E      F
               +-------+-------+-------+-------+-------+----------------------
         Total | 100.0 | 100.0 |   N/A |   N/A | 100.0 |  81.0
       Dungeon | 100.0 | 100.0 |   N/A |   N/A | 100.0 |  81.0
               +-------+-------+-------+-------+-------+----------------------

Skill      XL: |  1  2  3 |
---------------+----------+-----
Bows           | 5 |  5.6
Stealth        | 2 |  2.9
Fighting       | 2 |  2.5
Short Blades   | 1 |  1.5
Dodging        | |  3.8

Action                   |  1- 3 |  4- 6 || total
-------------------------+-------+-------++-------
Melee: Short sword       |    95 |    25 ||   120
 Fire: Shortbow          |    41 |     9 ||    50
Throw: Dart              |     2 |       ||     2
 Stab: Sleeping          |     2 |     1 ||     3
Armor: Robe              |    12 |     3 ||    15
Dodge: Dodged            |    90 |    20 ||   110

Vanquished Creatures
  An orc priest (D:2)
  Terence (D:2)
  2 adders (D:2)
  An ooze (D:1)
  3 dart slugs (D:1)
  A leopard gecko (D:1)
  An orc (D:2)
  3 bats
  A giant cockroach (D:2)
  4 goblins (D:1)
  6 hobgoblins
  2 ball pythons (D:1)
  2 frilled lizards (D:1)
  A kobold (D:1)
  6 rats
35 creatures vanquished.
